Map: Romanticide LE

Players

BlyOnFire (Bly) - Winner!

  • Race: Zerg Zerg
  • Spawn Location: 5:00

ArT

  • Race: Protoss Protoss
  • Spawn Location: 11:00

Event: DreamHack SC2 Masters 2020 Winter

VOD

Have the link to the VOD?

Description

Time

  • Played on: Oct. 14, 2020, 1:30 p.m.
  • Length: 12:47

All games in this series

Show
View Real Time Build Order
Export as new Build Order

BlyOnFire Zerg - Winner!

Build Orders: 3 Hatch before Pool 

Get SALT Encoding   

  12  0:00  Drone  
  13  0:13  Overlord  
  13  0:18  Drone  
  14  0:31  Drone x2  
  16  0:48  Hatchery  
  15  0:52  Drone  
  16  1:14  Drone  
  17  1:20  Hatchery  
  17  1:22  Drone  
  17  1:30  Drone  
  18  1:39  Extractor  
  17  1:44  Spawning Pool  
  17  1:46  Drone  
  17  1:47  Drone  
  18  1:50  Drone  
  19  1:59  Drone  
  20  2:02  Drone  
  21  2:18  Hatchery  
  20  2:26  Evolution Chamber  
  21  2:32  Queen x2  
  21  2:33  Zergling x6  
  21  2:36  Zergling x2  
  28  2:40  Extractor  
  28  2:44  Metabolic Boost  
  27  2:48  Overlord  
  28  3:00  Extractor  
  28  3:01  Extractor, Zergling x4  
  27  3:07  Zergling x6  
  32  3:15  Queen  
  34  3:21  Drone  
  35  3:40  Zergling x18  
  42  3:47  Overlord x2  
  42  3:59  Overlord  
  41  4:05  Drone  
  42  4:16  Drone x8  
  46  4:27  Drone x4  
  49  4:32  Drone x3  
  52  4:38  Drone x2  
  52  4:42  Drone x2  
  55  4:52  Overlord  
  55  4:53  Roach Warren  
  54  5:00  Drone x3  
  54  5:06  Drone  
  58  5:07  Overlord x2  
  58  5:16  Spore Crawler  
  56  5:29  Drone x6  
  56  5:30  Extractor, Overlord  
  56  5:31  Extractor  
  60  5:37  Spore Crawler  
  60  5:39  Roach x6  
  71  5:43  Spore Crawler  
  71  5:44  Overlord  
  71  5:46  Roach  
  72  5:53  Roach, Zergling x6  
  77  5:57  Overlord  
  76  6:05  Drone x6  
  76  6:06  Drone x2  
  84  6:15  Lair  
  84  6:16  Drone  
  84  6:17  Drone x3  
  85  6:35  Drone x11  
  93  6:48  Extractor  
  93  6:49  Extractor  
  91  6:55  Queen x2  
  91  7:00  Drone x3, Hatchery, Overlord  
  97  7:06  Extractor  
  96  7:14  Overseer  
  96  7:16  Glial Reconstitution  
  96  7:17  Drone x2  
  96  7:18  Drone, Spire  
  96  7:22  Zergling x18  
  105  7:23  Overlord  
  105  7:24  Overlord  
  105  7:39  Overlord x3  
  105  7:46  Overlord  
  105  7:50  Overlord  
  102  8:08  Overseer  
  102  8:12  Extractor  
  101  8:14  Hatchery  
  101  8:16  Extractor  
  99  8:29  Mutalisk x12  
  99  8:31  Overlord  
  123  8:35  Drone x3  
  123  8:36  Drone x3  
  129  8:44  Drone x4  
  133  8:48  Spore Crawler  
  133  8:51  Zerg Flyer Weapons Level 1  
  133  8:54  Baneling Nest  
  131  8:57  Evolution Chamber  
  130  9:06  Roach  
  130  9:07  Roach x13  
  158  9:18  Overlord  
  158  9:19  Infestation Pit  
  157  9:30  Mutalisk x6  
  169  9:32  Overlord  
  150  9:49  Mutalisk x4  
  157  9:54  Zergling x24  
  157  9:55  Zergling x10  
  174  10:05  Centrifical Hooks  
  174  10:07  Zergling x10  
  179  10:27  Zergling x22  
  189  10:31  Overlord x2  
  189  10:32  Zerg Melee Weapons Level 1, Hive  
  189  10:36  Baneling  
  189  10:37  Baneling x16  
  189  10:38  Ravager  
  189  10:44  Overlord  
  189  10:48  Overlord  
  189  10:51  Ravager x3  
  176  11:07  Zergling x40  
  194  11:11  Baneling x10  
  194  11:13  Ravager x5  
  194  11:14  Ravager  
  196  11:29  Baneling x10  
  187  11:50  Roach x7, Zergling x2  
  196  11:58  Baneling x11  
  194  12:04  Roach Warren  
  184  12:14  Zergling x16  
  184  12:15  Zergling x22  
  186  12:21  Zergling x2  
  168  12:28  Zergling x6  
Show
View Real Time Build Order
Export as new Build Order

ArT Protoss 

Build Orders: Zealot Archon 

Get SALT Encoding   

  12  0:00  Probe  
  13  0:12  Probe  
  14  0:17  Pylon  
  14  0:24  Probe (Chrono Boost)  
  15  0:36  Probe (Chrono Boost)  
  15  0:38  Gateway  
  16  0:45  Probe (Chrono Boost)  
  16  0:47  Assimilator  
  17  0:51  Probe  
  18  1:03  Probe  
  19  1:15  Probe  
  20  1:22  Gateway  
  20  1:25  Zealot (Chrono Boost)  
  20  1:27  Cybernetics Core  
  22  1:33  Pylon  
  22  1:34  Probe  
  23  1:42  Assimilator  
  23  1:51  Zealot (Chrono Boost), Probe  
  26  2:14  Probe  
  20  2:15  Adept (Chrono Boost)  
  29  2:16  Adept (Chrono Boost)  
  29  2:17  Warp Gate  
  29  2:21  Pylon  
  31  2:45  Nexus  
  31  2:48  Probe  
  32  2:57  Stalker  
  34  3:07  Probe  
  34  3:12  Twilight Council  
  35  3:22  Probe  
  36  3:28  Pylon  
  34  3:37  Probe  
  31  3:50  Cybernetics Core  
  31  3:52  Robotics Facility, Probe (Chrono Boost)  
  32  3:59  Probe (Chrono Boost)  
  33  4:05  Stalker  
  33  4:08  Probe (Chrono Boost)  
  37  4:11  Dark Shrine  
  37  4:14  Adept  
  36  4:24  Pylon  
  36  4:25  Cybernetics Core  
  36  4:33  Zealot  
  36  4:34  Probe (Chrono Boost)  
  36  4:35  Probe (Chrono Boost)  
  40  4:46  Probe (Chrono Boost)  
  40  4:52  Warp Prism (Chrono Boost), Probe (Chrono Boost)  
  42  4:54  Probe (Chrono Boost)  
  42  4:56  Gateway  
  42  4:58  Probe (Chrono Boost)  
  46  5:00  Probe  
  46  5:02  Assimilator  
  47  5:08  Assimilator  
  47  5:10  Probe  
  47  5:12  Probe  
  49  5:16  Pylon  
  49  5:22  Probe  
  49  5:25  Probe  
  51  5:34  Probe  
  52  5:36  Pylon  
  52  5:37  Probe  
  53  5:43  Dark Templar x2  
  53  5:46  Probe  
  53  5:47  Forge, Observer (Chrono Boost)  
  53  5:49  Probe  
  60  5:52  Blink  
  60  5:59  Probe  
  61  6:05  Probe  
  61  6:10  Pylon  
  62  6:12  Nexus  
  62  6:16  Pylon, Probe  
  62  6:17  Probe  
  64  6:18  Immortal (Chrono Boost)  
  68  6:27  Protoss Ground Weapons Level 1 (Chrono Boost)  
  68  6:29  Probe  
  69  6:38  Dark Templar x2  
  73  6:40  Dark Templar  
  73  6:42  Archon x2  
  75  6:48  Probe  
  75  6:50  Immortal (Chrono Boost)  
  80  6:56  Pylon  
  80  6:57  Probe  
  81  7:07  Probe  
  82  7:10  Pylon, Probe  
  82  7:14  Gateway  
  83  7:17  Gateway  
  83  7:18  Gateway, Sentry  
  83  7:19  Sentry x2  
  83  7:21  Probe  
  90  7:24  Probe  
  90  7:29  Probe  
  92  7:33  Probe  
  92  7:35  Immortal  
  92  7:36  Probe  
  98  7:41  Gateway, Probe  
  99  7:51  Sentry x3  
  103  7:56  Gateway  
  103  7:57  Probe  
  104  7:59  Assimilator  
  104  8:00  Probe  
  104  8:02  Probe  
  104  8:03  Assimilator  
  104  8:05  Pylon  
  106  8:09  Probe  
  106  8:11  Gateway  
  106  8:12  Photon Cannon  
  107  8:14  Pylon  
  107  8:16  Stalker, Sentry x2  
  113  8:25  Photon Cannon  
  113  8:27  Protoss Ground Weapons Level 2 (Chrono Boost)  
  113  8:28  Photon Cannon  
  113  8:30  Photon Cannon, Shield Battery  
  113  8:35  Observer (Chrono Boost)  
  114  8:44  Stalker x2  
  114  8:45  Stalker  
  120  8:49  Observer  
  120  8:54  Shield Battery  
  120  8:55  Stalker x2  
  125  9:06  Stalker x4  
  125  9:08  Observer  
  133  9:11  Pylon  
  133  9:12  Pylon  
  133  9:24  Stalker x4  
  133  9:30  Stalker x2  
  145  9:39  Stalker x3  
  142  9:54  Stalker x3  
  142  9:57  Pylon  
  148  10:00  Pylon  
  148  10:01  Observer  
  148  10:15  Photon Cannon  
  148  10:17  Stalker x6  
  148  10:19  Shield Battery  
  160  10:27  Stalker x3  
  166  10:38  Pylon  
  166  10:42  Pylon  
  166  10:47  Pylon  
  166  10:52  Colossus  
  166  10:56  Stalker  
  166  10:57  Stalker x3  
  148  11:08  Dark Templar x2  
  148  11:09  Stalker x3  
  155  11:14  Archon  
  155  11:17  Shield Battery  
  146  11:37  Dark Templar x3  
  146  11:38  Dark Templar  
  150  11:43  Archon  
  145  11:47  Zealot  
  145  11:48  Zealot  
  127  12:04  Zealot  
  84  12:15  Zealot  
  84  12:16  Zealot x2  
Tags
 
Add a new tag
Caveats
  • Supply blocks, unpowered buildings, or Contaminate may cause inaccurate times.
  • Supply counts are checked every 10 seconds.